 Dungeon Crawl Stone Soup version 0.21-a0-113-g6841d05 (webtiles) character file.

3937 CanOfBees the Fighter (level 10, -14/93 HPs)
             Began as a Minotaur Fighter on July 12, 2017.
             Was a Follower of Okawaru.
             Killed from afar by Erolcha (34 damage)
             ... with a crystal spear
             ... on level 9 of the Dungeon.
             The game lasted 00:14:11 (8323 turns).

CanOfBees the Fighter (Minotaur Fighter)            Turns: 8323, Time: 00:14:12

Health: -14/93     AC: 13    Str: 23    XL:     10   Next: 1%
Magic:  20/20      EV:  7    Int:  5    God:    Okawaru [*.....]
Gold:   258        SH:  9    Dex: 11    Spells: 9/9 levels left

rFire    . . .     SeeInvis .   E - +2 scimitar (drain)
rCold    . . .     Gourm    .   c - +0 shield
rNeg     . . .     Faith    .   I - +0 plate armour
rPois    .         Spirit   .   (helmet restricted)
rElec    .         Reflect  .   (no cloak)
rCorr    .         Harm     .   d - +0 pair of gloves
MR       .....                  (no boots)
Stlth    ..........             (no amulet)
HPRegen  0.25/turn              h - ring of magical power
MPRegen  0.17/turn              (no ring)

@: slowed, very slow
A: retaliatory headbutt, horns 2
a: Heroism, Renounce Religion


You were on level 9 of the Dungeon.
You worshipped Okawaru.
Okawaru was aware of your devotion.
You were not hungry.

You visited 2 branches of the dungeon, and saw 10 of its levels.

You collected 412 gold pieces.
You spent 154 gold pieces at shops.

Inventory:

Hand Weapons
 k - a +0 hunting sling of freezing
 t - a +1 rapier of freezing
 E - a +2 scimitar of draining (weapon)
Missiles
 m - 22 sling bullets
Armour
 c - a +0 shield (worn)
 d - a +0 pair of gloves (worn)
 I - a +0 plate armour (worn)
Jewellery
 h - a ring of magical power (left hand)
Wands
 u - a wand of lightning (8/15)
 y - a wand of lightning (9/15)
 D - a wand of acid (8/15)
Scrolls
 e - 4 scrolls of teleportation
 g - 7 scrolls of remove curse
 l - 5 scrolls of identify
 n - 2 scrolls of fear {unknown}
 s - a scroll of recharging {unknown}
 x - a scroll of enchant weapon {unknown}
 B - a scroll of enchant armour {unknown}
 F - a scroll of summoning {unknown}
 H - a scroll of amnesia {unknown}
Potions
 i - a potion of cancellation {unknown}
 o - 2 potions of flight
 p - 2 potions of mutation {unknown}
 r - 4 potions of curing
 v - 2 potions of agility {unknown}
 z - 2 potions of berserk rage {unknown}
 A - a potion of haste {unknown}
Books
 a - a book of Callings

   Spells                             Type                      Level
   a - Summon Small Mammal            Summoning                    1
   b - Call Imp                       Summoning                    2
   c - Call Canine Familiar           Summoning                    3
   d - Summon Guardian Golem          Hexes/Summoning              3
   e - Summon Lightning Spire         Summoning/Air                4
   f - Summon Ice Beast               Ice/Summoning                4
 b - a book of Maledictions

   Spells                             Type                      Level
   a - Corona                         Hexes                        1
   b - Ensorcelled Hibernation        Hexes/Ice                    2
   c - Confuse                        Hexes                        3
   d - Tukima's Dance                 Hexes                        3
   e - Dazzling Spray                 Conjuration/Hexes            3
 G - a book of Geomancy

   Spells                             Type                      Level
   a - Sandblast                      Earth                        1
   b - Passwall                       Transmutation/Earth          2
   c - Stone Arrow                    Conjuration/Earth            3
   d - Petrify                        Transmutation/Earth          4
   e - Lee's Rapid Deconstruction     Earth                        5
Comestibles
 f - 4 bread rations
 j - 2 meat rations
 q - 3 royal jellies
 w - 10 chunks of flesh
 C - 3 fruits


   Skills:
 * Level 10.0 Fighting
 * Level 10.0 Long Blades
 - Level 4.2 Slings
 * Level 4.4 Armour
 - Level 7.5 Dodging
 - Level 3.6 Shields
 + Level 2.7 Invocations


You had 9 spell levels left.
You didn't know any spells.

Dungeon Overview and Level Annotations

Branches:
Dungeon (9/15)             Temple (1/1) D:7            Lair (0/6) D:8
    Orc: D:9-12

Altars:
Ashenzari
Cheibriados
Dithmenos
Elyvilon
Fedhas
Gozag
Kikubaaqudgha
Nemelex Xobeh
Okawaru
Ru
Sif Muna
Trog
Wu Jian
Xom
Yredelemnul
Zin

Shops:
D:4 (   D:6 (

Annotations:
D:9 Erolcha; lukano's ghost, journeyman MiBe


Innate Abilities, Weirdness & Mutations

You reflexively headbutt those who attack you in melee.
You have a pair of horns on your head.


Message History

Erolcha screams, "Erolcha kill you!"
Erolcha casts a spell.
Erolcha seems to speed up.
An orc comes into view.
The orc shouts!
Erolcha gestures at you while chanting. The crystal spear hits you!
Ouch! That really hurt!
You slash Erolcha! You drain Erolcha! You headbutt Erolcha!
Erolcha is heavily wounded.
Erolcha barely misses you. The orc hits you but does no damage.
Erolcha hits you with a giant club!!
* * * LOW HITPOINT WARNING * * *
The orc barely misses you.
You closely miss Erolcha. You headbutt Erolcha!
Erolcha is almost dead.
You block Erolcha's attack. You block the orc's attack.
Erolcha gestures at you while chanting. The crystal spear hits you!
You die...

#
######...........#
# #...........# #
#........>..# #
#.......<...# #
######'######
#..## ##..#
#####.##
###....@.####
............#
###....Oo##..#
#...oo.# .#
#......# #
#......# ####.###
.. .#


You could see Erolcha and 3 orcs.

Vanquished Creatures
  The ghost of Kurtz the Poker, a novice OpAK of Lugonu (D:4)
  Sigmund (D:4)
  Grum (D:8)
  Menkaure (D:6)
  Duvessa (D:4)
  3 orc warriors
  2 ice beasts
  A black bear (D:6)
  4 sky beasts
  A phantom (D:5)
  3 wolves (D:8)
  3 ogres
  2 centaurs
  3 bullfrogs
  Dowan (D:4)
  2 scorpions
  A crimson imp (D:8)
  8 orc priests
  4 hounds
  5 orc wizards
  4 iguanas
  Natasha (thrice) (D:4)
  4 worker ants
  A hound zombie (D:5)
  A hound skeleton (D:8)
  3 howler monkey zombies
  4 gnolls (D:3)
  10 adders
  4 shadow imps
  3 oozes
  An adder zombie (D:6)
  3 worms
  2 dart slugs
  3 leopard geckos
  35 orcs
  3 ball pythons
  6 giant cockroaches
  5 hobgoblins
  7 jackals
  4 kobolds
  6 quokkas
  9 bats
  7 frilled lizards
  11 goblins
  A jackal zombie (D:6)
  A quokka skeleton (D:5)
  7 rats
196 creatures vanquished.

Notes
Turn   | Place    | Note
-------+----------+-------------------------------------------
     0 | D:1      | CanOfBees the Minotaur Fighter began the quest for the Orb.
     0 | D:1      | Reached XP level 1. HP: 19/19 MP: 0/0
   132 | D:1      | Reached XP level 2. HP: 26/27 MP: 1/1
   263 | D:1      | Reached skill level 1 in Dodging
   464 | D:1      | Reached XP level 3. HP: 31/33 MP: 2/2
   907 | D:2      | Found a white marble altar of Elyvilon.
  1043 | D:2      | Reached XP level 4. HP: 32/41 MP: 3/3
  1822 | D:2      | Reached skill level 5 in Fighting
  1824 | D:2      | Reached XP level 5. HP: 34/48 MP: 4/4
  2320 | D:3      | Reached skill level 5 in Long Blades
  2394 | D:3      | Reached XP level 6. HP: 53/56 MP: 5/5
  2683 | D:4      | Found Sauma's Weapon Shop.
  2685 | D:4      | Noticed Natasha
  2695 | D:4      | Killed Natasha
  2773 | D:4      | Noticed Kurtz's ghost (novice OpAK)
  2987 | D:4      | Noticed Sigmund
  2998 | D:4      | Killed Sigmund
  2998 | D:4      | Reached XP level 7. HP: 47/64 MP: 6/6
  3008 | D:4      | Noticed Natasha
  3045 | D:4      | Killed Natasha
  3059 | D:4      | Noticed Dowan
  3061 | D:4      | Noticed Duvessa
  3068 | D:4      | Killed Duvessa
  3078 | D:4      | Killed Dowan
  3148 | D:4      | Killed Kurtz's ghost
  3148 | D:4      | Reached skill level 5 in Dodging
  3194 | D:4      | Noticed Natasha
  3209 | D:4      | Killed Natasha
  3209 | D:4      | Reached XP level 8. HP: 10/73 MP: 7/7
  3792 | D:5      | Entered Level 5 of the Dungeon
  5202 | D:6      | Reached skill level 1 in Slings
  5255 | D:6      | Found Ucwumid's Antique Weapon Boutique.
  5267 | D:6      | Bought a runed scimitar for 154 gold pieces
  5512 | D:6      | Noticed Menkaure
  5516 | D:6      | Killed Menkaure
  5542 | D:6      | Reached XP level 9. HP: 56/82 MP: 8/8
  6756 | D:7      | Found a staircase to the Ecumenical Temple.
  6762 | Temple   | Entered the Ecumenical Temple
  6788 | Temple   | Became a worshipper of Warmaster Okawaru
  7036 | D:8      | Reached skill level 1 in Invocations
  7069 | D:8      | Found a staircase to the Lair.
  7740 | D:8      | Reached * piety under Okawaru
  7743 | D:8      | Noticed Grum
  7743 | D:8      | Reached skill level 10 in Fighting
  7769 | D:8      | Killed Grum
  7769 | D:8      | Reached skill level 10 in Long Blades
  8206 | D:9      | Reached XP level 10. HP: 88/93 MP: 11/11
  8287 | D:9      | Noticed lukano's ghost (journeyman MiBe)
  8317 | D:9      | Noticed Erolcha
  8323 | D:9      | Killed from afar by Erolcha

Vault maps used:
D:1:      tarquinn_simple_flora_water_b
D:2:      elyvilon_altar_1
D:3:      serial_glass, glass_columns_b, glass_columns_b, first_bread,
          minivault_4
D:4:      serial_shops, shop, grunt_decor_resistance, uniq_duvessa,
          uniq_sigmund, uniq_natasha
D:5:      uniq_crazy_yiuf_cottage
D:6:      serial_shops, nicolae_shop_trees, uniq_menkaure
D:7:      minmay_temple_entry_fiery
D:8:      lair_entry_dummy, uniq_grum
D:9:      orc_0_dummy, uniq_erolcha, uniq_maurice
Temple:   grunt_wide_crystal_templ

Skill      XL: |  1  2  3  4  5  6  7  8  9 |
---------------+----------------------------+-----
Fighting       | 4 5 6 7 8 10 | 10.0
Dodging        | 1 2 3 4 5 6 7 |  7.5
Long Blades    | 3 4 5 7 8 10 | 10.0
Slings         | 2 4 |  4.2
Invocations    | 2 |  2.7
Armour         | 4 |  4.4
Shields        | |  3.6

Action                   |  1- 3 |  4- 6 |  7- 9 | 10-12 || total
-------------------------+-------+-------+-------+-------++-------
Melee: Long sword        |   101 |   109 |   119 |       ||   329
       Headbutt          |    20 |    14 |    60 |     4 ||    98
       Morningstar       |       |     9 |       |       ||     9
       Scimitar          |       |       |   196 |    17 ||   213
 Fire: Hunting sling     |    11 |       |     5 |       ||    16
  Use: Scroll            |       |     2 |     1 |       ||     3
       Potion            |       |       |     2 |       ||     2
  Eat: Chunk             |     1 |     6 |    16 |     1 ||    24
Armor: Scale mail        |    51 |    42 |     3 |       ||    96
       Chain mail        |       |       |    93 |       ||    93
       Plate armour      |       |       |    26 |     6 ||    32
Dodge: Dodged            |    40 |    53 |    87 |     7 ||   187
Block: Shield            |    57 |    68 |   147 |    13 ||   285
       Rpst.: Long sword |     6 |    12 |    12 |       ||    30
       Scimitar          |       |       |    11 |     2 ||    13
